 Dungeon Crawl Stone Soup version 0.30.0-11-gf55b779eaf (webtiles) character file.

Game seed: 6191382105376560425

231 JanusIIV the Poker (level 6, -3/48 HPs)
             Began as a Merfolk Warper on May 16, 2023.
             Slain by an ogre
             ... wielding a +0 giant club
              (33 damage)
             ... on level 4 of the Dungeon.
             The game lasted 00:08:44 (3271 turns).

JanusIIV the Poker (Merfolk Warper)                 Turns: 3271, Time: 00:08:45

Health: -3/48      AC:  8    Str: 13    XL:     6   Next: 3%
Magic:  9/9        EV: 11    Int: 12    God:
Gold:   169        SH:  0    Dex: 14    Spells: 4/9 levels left

rFire   . . .        a - +0 spear
rCold   . . .        (no shield)
rNeg    . . .        g - +0 ring mail
rPois   .            (no helmet)
rElec   .            n - +0 cloak
rCorr   .            (no gloves)
SInv    .            p - +1 pair of boots
Will    .....        (no amulet)
Stlth   +            (no ring)
HPRegen 0.28/turn    (no ring)
MPRegen 0.11/turn

%: no passive effects
@: no status effects
A: (nimble swimmer 2), mertail
a: no special abilities


You were on level 4 of the Dungeon.
You visited 1 branch of the dungeon, and saw 4 of its levels.

You collected 169 gold pieces.

Inventory:

Hand Weapons
 a - a +0 spear (weapon)
Missiles
 d - 7 boomerangs of dispersal (quivered)
Armour
 g - a +0 ring mail (worn)
 n - a +0 cloak (worn)
 p - a +1 pair of boots (worn)
Jewellery
 q - a ring of protection from fire
Scrolls
 b - 2 scrolls of magic mapping
 c - 2 scrolls of blinking
 e - a scroll of identify
 i - a scroll of poison {unknown}
 j - a scroll of enchant armour
 k - a scroll of immolation {unknown}
 l - a scroll of fear {unknown}
 m - a scroll of torment {unknown}
 o - a scroll of enchant weapon {unknown}
Potions
 f - a potion of haste
 h - 3 potions of curing
 r - a potion of attraction


   Skills:
 + Level 3.7 Fighting
 + Level 7.1 Polearms
 - Level 1.0 Throwing
 - Level 0.6 Armour
 - Level 2.6 Dodging
 - Level 2.0 Spellcasting
 - Level 2.4 Translocations


You had 4 spell levels left.
You knew the following spells:

 Your Spells              Type           Power      Damage    Failure   Level
a - Blink                 Tloc           12%        N/A       32%         2
b - Vhi's Electric Charg  Tloc/Air       8%         N/A       71%         3

Your spell library contained the following spells:

 Spells                   Type           Power      Damage    Failure   Level
 Lesser Beckoning         Tloc           12%        N/A       32%         2
 Freeze                   Ice            4%         1d3       50%         1
 Teleport Other           Tloc           6%         N/A       54%         3
 Frozen Ramparts          Ice            2%         1d1       86%         3
 Hailstorm                Conj/Ice       1%         3d3       86%         3
 Tukima's Dance           Hex            1%         N/A       86%         3
 Manifold Assault         Tloc           6%         N/A       91%         4
 Passage of Golubria      Tloc           6%         N/A       91%         4
 Ice Form                 Ice/Tmut       1%         N/A       99%         4
 Yara's Violent Unravell  Hex/Tmut       0%         3d3       100%        5
 Simulacrum               Ice/Necr       0%         N/A       100%        6


Dungeon Overview and Level Annotations

Branches:
Dungeon (4/15)
 Temple: D:4-7

Altars:
Ashenzari
Gozag
Kikubaaqudgha
Nemelex Xobeh
Okawaru
Xom
Zin

Annotations:
D:4 Blork the orc


Innate Abilities, Weirdness & Mutations

((You are very nimble when in or above water. (Stealth+, EV+, Speed+++)))
Your lower body shifts to a powerful aquatic tail in water.


Message History

You closely miss the kobold brigand.
The kobold brigand is severely wounded.
The kobold brigand completely misses you.
You hit the kobold brigand.
The kobold brigand is almost dead.
The kobold brigand hits you with a +0 short sword!
You hit the kobold brigand but do no damage.
The kobold brigand is almost dead.
The kobold brigand hits you but does no damage.
You hit the kobold brigand.
You kill the kobold brigand!
Your Polearms skill increases to level 7!
You have reached level 6!
You start resting.
HP restored.
Things that are here:
a +0 short sword; 5 poisoned darts
Found 6 poisoned darts.
Found a stone staircase leading down.
An ogre is nearby!
You aren't carrying any items that you can evoke.
Unknown command.
The ogre shouts!
Casting: Blink (dangerous; 32% risk of failure)
Confirm with . or Enter, or press ? or * to list all spells.
Okay, then.
You reach to attack!
You hit the ogre.
The ogre is lightly wounded.
You hit the ogre.
The ogre is lightly wounded.
You hit the ogre.
The ogre is lightly wounded.
The ogre hits you with a +0 giant club!!
You puncture the ogre!
The ogre is moderately wounded.
You barely miss the ogre.
The ogre is moderately wounded.
The ogre hits you with a +0 giant club!!
Ouch! That really hurt!
You die...

#.## .... ...
##..##...##...
###.....#..#...
##...... .....#
##...... .....
#......####..#
##......#....#
#....<...O@..#
##..##..###.##
#...)...##.##
#..######...###
#.(.### #.....#
###...###..#..#
#...##......#
##........###
###.#..###


You could see an ogre.

Vanquished Creatures
  A kobold brigand (D:4)
  A howler monkey (D:3)
  5 adders
  3 worms
  4 endoplasms
  3 giant cockroaches
  8 goblins
  10 hobgoblins
  6 jackals
  3 quokkas
  5 ball pythons
  6 bats
  2 frilled lizards
  7 kobolds
  10 rats
74 creatures vanquished.

Notes
Turn   | Place    | Note
-------+----------+-------------------------------------------
     0 | D:1      | JanusIIV the Merfolk Warper began the quest for the Orb.
     0 | D:1      | Reached XP level 1. HP: 16/16 MP: 3/3
    75 | D:1      | Reached skill level 3 in Polearms
   106 | D:1      | Reached XP level 2. HP: 23/23 MP: 5/5
   700 | D:1      | Reached skill level 4 in Polearms
   700 | D:1      | Reached XP level 3. HP: 28/28 MP: 6/6
  1089 | D:2      | Learned a level 2 spell: Blink
  1475 | D:2      | Reached XP level 4. HP: 35/35 MP: 7/7
  1565 | D:2      | Reached skill level 5 in Polearms
  2212 | D:3      | Reached XP level 5. HP: 41/41 MP: 8/8
  2232 | D:3      | Learned a level 3 spell: Vhi's Electric Charge
  2279 | D:3      | Reached skill level 6 in Polearms
  2718 | D:3      | Found an iron altar of Okawaru.
  2719 | D:3      | Found a broken altar of Ashenzari.
  2719 | D:3      | Found a sparkling altar of Nemelex Xobeh.
  2719 | D:3      | Found a shimmering altar of Xom.
  2720 | D:3      | Found an ancient bone altar of Kikubaaqudgha.
  2720 | D:3      | Found a glowing silver altar of Zin.
  2721 | D:3      | Found an opulent altar of Gozag.
  2912 | D:4      | Noticed Blork the orc
  2925 | D:4      | Noticed an ogre
  3162 | D:4      | Noticed a kobold brigand
  3179 | D:4      | Killed a kobold brigand
  3180 | D:4      | Reached skill level 7 in Polearms
  3180 | D:4      | Reached XP level 6. HP: 34/48 MP: 9/9
  3271 | D:4      | Slain by an ogre

Illustrated notes

Levels and vault maps discovered:
D:1:      arrival_zaba_pyramid, layout_loops_ring, hangedman_glass_teeth
D:2:      layout_basic
D:3:      wander_river, layout_loops_cross, grunt_temple_overflow_open
D:4:      layout_cave_pools, uniq_blork_the_orc

Skill      XL: |  1  2  3  4  5 |
---------------+----------------+-----
Polearms       | 3 4 5 7 |  7.1
Fighting       | 3 |  3.7
Throwing       | |  1.0
Armour         | |  0.6
Dodging        | |  2.6
Spellcasting   | |  2.0
Translocations | |  2.4

Action                     |  1- 3 |  4- 6 || total
---------------------------+-------+-------++-------
  Melee: Spear             |   215 |   183 ||   398
         Punch             |     1 |     1 ||     2
   Cast: Blink             |       |     1 ||     1
    Use: Scroll            |       |     5 ||     5
         Potion            |       |     1 ||     1
 Armour: Leather armour    |    10 |       ||    10
         Ring mail         |    47 |    36 ||    83
  Dodge: Dodged            |    93 |    58 ||   151
